IL
SACRAMENTO RIVER CATS @ INDIANAPOLIS INDIANS
09/08/2045
 
TOP OF THE 1ST
Sacramento River Cats batting - Pitching for Indianapolis Indians : RHP Joreão Zquete
Pitching: RHP Joreão Zquete
Batting: LHB Kevin Kantor 0-0: Ball
1-0: Called Strike
1-1: Ball
2-1: Swinging Strike
2-2: Strikes out swinging
Batting: RHB Yutaka Oki 0-0: SINGLE (Line Drive, 56D, EV 98.8 MPH)
Batting: LHB Carey Horncole 0-0: Ball
1-0: Called Strike
1-1: Foul Ball, location: 2F
1-2: Ball
2-2: Strikes out looking
Batting: LHB Tom Best 0-0: Ball
1-0: Foul Ball, location: 2F
1-1: Foul Ball, location: 2F
1-2: Ball
2-2: Ball
3-2: Foul Ball, location: 2F
3-2: Hit by Pitch
Yutaka Oki to second
Batting: LHB David Ramirez 0-0: Called Strike
0-1: Foul Ball, location: 2F
0-2: Strikes out swinging
Top of the 1st over - 0 runs, 1 hit, 0 errors, 2 left on base; Sacramento 0 - Indianapolis 0
BOTTOM OF THE 1ST
Indianapolis Indians batting - Pitching for Sacramento River Cats : RHP Roberto Duron
Pitching: RHP Roberto Duron
Batting: SHB Francisco Gutierrez 0-0: Foul Ball, location: 2F
0-1: Ball
1-1: Called Strike
1-2: Foul Ball, location: 2F
1-2: Ball
2-2: Foul Ball, location: 2F
2-2: Foul Ball, location: 2F
2-2: Strikes out swinging
Batting: RHB Chris McCoy 0-0: Foul Ball, location: 2F
0-1: Ball
1-1: Ball
2-1: Foul Ball, location: 2F
2-2: Foul Ball, location: 2F
2-2: Ground out 4-3 (Groundball, 4, EV 81.2 MPH)
Batting: SHB Ben Myers 0-0: SINGLE (Groundball, 6D, EV 98.8 MPH)
Batting: LHB Marc Carter 0-0: Called Strike
0-1: Ball
1-1: Ball
2-1: Ground out 4-3 (Groundball, 4, EV 88.8 MPH)
Bottom of the 1st over - 0 runs, 1 hit, 0 errors, 1 left on base; Sacramento 0 - Indianapolis 0
TOP OF THE 2ND
Sacramento River Cats batting - Pitching for Indianapolis Indians : RHP Joreão Zquete
Batting: LHB Terry Ebersole 0-0: Ball
1-0: Ball
2-0: Ball
3-0: Called Strike
3-1: Called Strike
3-2: Base on Balls
Batting: RHB Hugo Zacarias 0-0: Foul Ball, location: 2F
0-1: Foul Ball, location: 2F
0-2: Ball
1-2: SINGLE (Groundball, 56S, EV 64.4 MPH) (infield hit)
Terry Ebersole to second
Batting: RHB Tyler Mapes 0-0: Ball
1-0: Ball
2-0: Foul Ball, location: 2F
2-1: Called Strike
2-2: Fly out, F7 (Flyball, 7, EV 87.5 MPH)
Batting: RHB Martin Guerrero 0-0: Ball
1-0: Called Strike
1-1: Ball
2-1: Ball
3-1: Base on Balls
Terry Ebersole to third
Hugo Zacarias to second
Batting: LHB Kevin Kantor 0-0: Foul Ball, location: 2F
0-1: Foul Ball, location: 2F
0-2: Ball
1-2: Foul Ball, location: 2F
1-2: Ball
2-2: Ball
3-2: Fly out, F2 (Popup, 13S, EV 91.9 MPH)
Batting: RHB Yutaka Oki 0-0: Called Strike
0-1: Ball
1-1: Fly out, F7 (Flyball, 7LS, EV 83.8 MPH)
Top of the 2nd over - 0 runs, 1 hit, 0 errors, 3 left on base; Sacramento 0 - Indianapolis 0
BOTTOM OF THE 2ND
Indianapolis Indians batting - Pitching for Sacramento River Cats : RHP Roberto Duron
Batting: SHB Trevor Weareorwear 0-0: Ball
1-0: Ball
2-0: Ball
3-0: Called Strike
3-1: Base on Balls
Batting: RHB Bubba Tierney 0-0: Called Strike
0-1: Foul Ball, location: 2F
0-2: Foul Ball, location: 2F
0-2: Ball
1-2: Ball
2-2: Foul Ball, location: 2F
2-2: Foul Ball, location: 2F
2-2: Foul Ball, location: 2F
2-2: Foul Ball, location: 2F
2-2: Strikes out looking
Batting: SHB Louie Horne 0-0: Foul Ball, location: 2F
0-1: Called Strike
0-2: Ball
1-2: Ball
2-2: Strikes out swinging
Batting: RHB Danny Gallegos 0-0: Ball
1-0: Fly out, F8 (Flyball, 8RXD, EV 106.9 MPH)
Bottom of the 2nd over - 0 runs, 0 hits, 0 errors, 1 left on base; Sacramento 0 - Indianapolis 0
TOP OF THE 3RD
Sacramento River Cats batting - Pitching for Indianapolis Indians : RHP Joreão Zquete
Batting: LHB Carey Horncole 0-0: Ball
1-0: Called Strike
1-1: Ball
2-1: Foul Ball, location: 2F
2-2: Ball
3-2: Foul Ball, location: 2F
3-2: Fly out, F8 (Flyball, 8LD, EV 93.1 MPH)
Batting: LHB Tom Best 0-0: Ball
1-0: Ball
2-0: Called Strike
2-1: Ball
3-1: Called Strike
3-2: DOUBLE (Flyball, 8LXD, EV 103.1 MPH)
Batting: LHB David Ramirez 0-0: Ground out 1-3 (Groundball, 34S, EV 65.0 MPH)
Tom Best to third
Batting: LHB Terry Ebersole 0-0: Ball
1-0: Ground out 2-3 (Groundball, 2R, EV 71.2 MPH)
Top of the 3rd over - 0 runs, 1 hit, 0 errors, 1 left on base; Sacramento 0 - Indianapolis 0
BOTTOM OF THE 3RD
Indianapolis Indians batting - Pitching for Sacramento River Cats : RHP Roberto Duron
Batting: RHB Slamet Pamungkas 0-0: Called Strike
0-1: Swinging Strike
0-2: Strikes out looking
Batting: SHB Francisco Gutierrez 0-0: Ball
1-0: Called Strike
1-1: Swinging Strike
1-2: Ball
2-2: Ball
3-2: Foul Ball, location: 2F
3-2: Strikes out swinging
Batting: RHB Chris McCoy 0-0: Ball
1-0: Ball
2-0: Swinging Strike
2-1: Ball
3-1: Base on Balls
Batting: SHB Ben Myers 0-0: Called Strike
Chris McCoy steals 2nd base
0-1: Foul Ball, location: 2F
0-2: Ground out 5-3 (Groundball, 56S, EV 85.0 MPH)
Bottom of the 3rd over - 0 runs, 0 hits, 0 errors, 1 left on base; Sacramento 0 - Indianapolis 0
TOP OF THE 4TH
Sacramento River Cats batting - Pitching for Indianapolis Indians : RHP Joreão Zquete
Batting: RHB Hugo Zacarias 0-0: Ground out 3-1 (Groundball, 34, EV 80.6 MPH)
Batting: RHB Tyler Mapes 0-0: Ball
1-0: Swinging Strike
1-1: Swinging Strike
1-2: Foul Ball, location: 2F
1-2: Fly out, F7 (Flyball, 7LM, EV 96.9 MPH)
Batting: RHB Martin Guerrero 0-0: Fly out, F6 (Popup, P, EV 90.0 MPH)
Top of the 4th over - 0 runs, 0 hits, 0 errors, 0 left on base; Sacramento 0 - Indianapolis 0
BOTTOM OF THE 4TH
Indianapolis Indians batting - Pitching for Sacramento River Cats : RHP Roberto Duron
Batting: LHB Marc Carter 0-0: Reached on error, E6 (Groundball, 6, EV 101.2 MPH)
Batting: SHB Trevor Weareorwear 0-0: Foul Ball, location: 2F
0-1: Foul Ball, location: 2F
0-2: Ball
1-2: Fielders Choice at 2nd, 4-6 (Groundball, 4, EV 81.2 MPH)
Batting: RHB Bubba Tierney 0-0: Ball
1-0: Called Strike
1-1: Foul Ball, location: 2F
1-2: Strikes out looking
Batting: SHB Louie Horne 0-0: Called Strike
0-1: Ball
1-1: Ball
2-1: Foul Ball, location: 2F
2-2: Strikes out swinging
Bottom of the 4th over - 0 runs, 0 hits, 1 error, 1 left on base; Sacramento 0 - Indianapolis 0
TOP OF THE 5TH
Sacramento River Cats batting - Pitching for Indianapolis Indians : RHP Joreão Zquete
Batting: LHB Kevin Kantor 0-0: Called Strike
0-1: Ball
1-1: Called Strike
1-2: SINGLE (Line Drive, 9S, EV 88.1 MPH)
Batting: RHB Yutaka Oki 0-0: Ball
1-0: Swinging Strike
1-1: Ball
2-1: Ball
3-1: Foul Ball, location: 2F
3-2: Fly out, F8 (Flyball, 89XD, EV 95.0 MPH)
Batting: LHB Carey Horncole 0-0: SINGLE (Groundball, 34D, EV 108.1 MPH)
Kevin Kantor to second
Runner from 2nd tries for 3rd, SAFE, no throw by RF
Batting: LHB Tom Best 0-0: Foul Ball, location: 2F
0-1: Ball
1-1: Ball
2-1: Foul Ball, location: 2F
2-2: Ball
3-2: Foul Ball, location: 2F
3-2: DOUBLE (Line Drive, 8RXD, EV 108.1 MPH)
Kevin Kantor scores
Carey Horncole to third
Batting: LHB David Ramirez 0-0: Ball
1-0: Swinging Strike
1-1: Ball
2-1: Foul Ball, location: 2F
2-2: Foul Ball, location: 2F
2-2: Strikes out looking
Batting: LHB Terry Ebersole 0-0: Ball
Wild Pitch!
Carey Horncole scores
Tom Best to third
1-0: Foul Ball, location: 2F
1-1: Ball
2-1: Ball
3-1: Foul Ball, location: 2F
3-2: Base on Balls
Pitching: RHP Mitch Ingerson
Batting: RHB Hugo Zacarias 0-0: Called Strike
0-1: Ball
1-1: Fielders Choice at 2nd, 4-6 (Groundball, 4MD, EV 102.5 MPH)
Top of the 5th over - 2 runs, 3 hits, 0 errors, 2 left on base; Sacramento 2 - Indianapolis 0
BOTTOM OF THE 5TH
Indianapolis Indians batting - Pitching for Sacramento River Cats : RHP Roberto Duron
Batting: RHB Danny Gallegos 0-0: Ball
1-0: Swinging Strike
1-1: Ball
2-1: Hit by Pitch
Batting: RHB Slamet Pamungkas 0-0: Ball
1-0: Swinging Strike
1-1: SINGLE (Groundball, 34D, EV 94.4 MPH)
Danny Gallegos to second
Runner from 2nd tries for 3rd, SAFE, throw by RF made to third
Batting: SHB Francisco Gutierrez 0-0: Called Strike
Slamet Pamungkas steals 2nd base (no throw)
0-1: Fly out, F8 (Flyball, 78S, EV 89.4 MPH)
Batting: RHB Chris McCoy 0-0: Ball
1-0: Ball
2-0: Ground out U3 (Groundball, 3, EV 100.6 MPH)
Batting: SHB Ben Myers 0-0: Swinging Strike
0-1: Foul Ball, location: 2F
0-2: 3-RUN HOME RUN (Line Drive, 89XD, EV 103.8 MPH), Distance : 393 ft
Batting: LHB Marc Carter 0-0: Ball
1-0: Called Strike
1-1: SINGLE (Groundball, 6MD, EV 100.0 MPH)
Batting: SHB Trevor Weareorwear 0-0: Called Strike
0-1: Fielders Choice at 2nd, 5-4 (Groundball, 56, EV 108.8 MPH)
Bottom of the 5th over - 3 runs, 3 hits, 0 errors, 1 left on base; Sacramento 2 - Indianapolis 3
TOP OF THE 6TH
Sacramento River Cats batting - Pitching for Indianapolis Indians : RHP Mitch Ingerson
Batting: RHB Tyler Mapes 0-0: Swinging Strike
0-1: Ball
1-1: Foul Ball, location: 2F
1-2: Strikes out swinging
Batting: RHB Martin Guerrero 0-0: Ball
1-0: Foul Ball, location: 2F
1-1: Ball
2-1: Ball
3-1: Foul Ball, location: 2F
3-2: Base on Balls
Batting: LHB Kevin Kantor 0-0: Called Strike
0-1: Ball
1-1: Fly out, F7 (Flyball, 7S, EV 91.2 MPH)
Batting: RHB Yutaka Oki 0-0: Ball
1-0: SINGLE (Line Drive, 56D, EV 95.0 MPH)
Martin Guerrero to second
Batting: LHB Carey Horncole 0-0: Foul Ball, location: 2F
0-1: Swinging Strike
0-2: Foul Ball, location: 2F
0-2: Ball
1-2: Ball
2-2: Fly out, F8 (Line Drive, 8RM, EV 95.0 MPH)
Top of the 6th over - 0 runs, 1 hit, 0 errors, 2 left on base; Sacramento 2 - Indianapolis 3
BOTTOM OF THE 6TH
Indianapolis Indians batting - Pitching for Sacramento River Cats : RHP Roberto Duron
Batting: RHB Bubba Tierney 0-0: Ground out 3-1 (Groundball, 34, EV 84.4 MPH)
Batting: SHB Louie Horne 0-0: Fly out, F8 (Flyball, 8LXD, EV 108.8 MPH)
Batting: RHB Danny Gallegos 0-0: Foul Ball, location: 2F
0-1: Ball
1-1: Foul Ball, location: 2F
1-2: Ball
2-2: Ground out 5-3 (Groundball, 56, EV 86.2 MPH)
Bottom of the 6th over - 0 runs, 0 hits, 0 errors, 0 left on base; Sacramento 2 - Indianapolis 3
TOP OF THE 7TH
Sacramento River Cats batting - Pitching for Indianapolis Indians : RHP Mitch Ingerson
Batting: LHB Tom Best 0-0: Swinging Strike
0-1: Ball
1-1: SINGLE (Flyball, 5D, EV 93.1 MPH)
Batting: LHB David Ramirez 0-0: Fly out, F3 (Line Drive, 3, EV 62.5 MPH)
Lined into DP, U3 (Line Drive, 3, EV 63.8 MPH)
Batting: LHB Terry Ebersole 0-0: Foul Ball, location: 2F
0-1: Ball
1-1: Ball
2-1: Ball
3-1: Swinging Strike
3-2: Base on Balls
Batting: RHB Hugo Zacarias 0-0: Ball
1-0: Foul Ball, location: 2F
1-1: Swinging Strike
1-2: Ball
2-2: Ball
3-2: Fly out, F9 (Line Drive, 9, EV 90.6 MPH)
Top of the 7th over - 0 runs, 1 hit, 0 errors, 1 left on base; Sacramento 2 - Indianapolis 3
BOTTOM OF THE 7TH
Indianapolis Indians batting - Pitching for Sacramento River Cats : RHP Roberto Duron
Pitching: RHP Fidde Machielsen
Batting: RHB Slamet Pamungkas 0-0: Ground out 6-3 (Groundball, 6, EV 90.0 MPH)
Batting: SHB Francisco Gutierrez 0-0: Fly out, F5 (Popup, 5SF, EV 72.5 MPH)
Batting: RHB Chris McCoy 0-0: Foul Ball, location: 2F
0-1: DOUBLE (Groundball, 3L, EV 93.8 MPH)
Batting: SHB Ben Myers 0-0: Called Strike
0-1: Foul Ball, location: 2F
0-2: Foul Ball, location: 2F
0-2: Ball
1-2: Ground out 4-3 (Groundball, 4, EV 104.4 MPH)
Bottom of the 7th over - 0 runs, 1 hit, 0 errors, 1 left on base; Sacramento 2 - Indianapolis 3
TOP OF THE 8TH
Sacramento River Cats batting - Pitching for Indianapolis Indians : RHP Mitch Ingerson
Pitching: RHP Walt Quinn
Batting: RHB Tyler Mapes 0-0: Called Strike
0-1: Swinging Strike
0-2: Foul Ball, location: 2F
0-2: Fly out, F9 (Flyball, 89D, EV 100.0 MPH)
Pinch Hitting: LHB Cesar Arteaga 0-0: SINGLE (Groundball, 4MD, EV 102.5 MPH)
Batting: LHB Kevin Kantor 0-0: SINGLE (Line Drive, 56D, EV 101.2 MPH)
Cesar Arteaga to second
Batting: RHB Yutaka Oki 0-0: SINGLE (Line Drive, 7S, EV 110.0 MPH)
Cesar Arteaga to third
Kevin Kantor to second
Runner from 3rd tries for Home, throw by LF and OUT! 7-2
Batting: LHB Carey Horncole 0-0: Called Strike
0-1: Swinging Strike
0-2: Ball
1-2: Fly out, F8 (Flyball, 8RXD, EV 94.4 MPH)
Top of the 8th over - 0 runs, 3 hits, 0 errors, 2 left on base; Sacramento 2 - Indianapolis 3
BOTTOM OF THE 8TH
Indianapolis Indians batting - Pitching for Sacramento River Cats : RHP Fidde Machielsen
Now at 2B: Cesar Arteaga
Batting: LHB Marc Carter 0-0: Foul Ball, location: 2F
0-1: Called Strike
0-2: Ball
1-2: Ground out 5-3 (Groundball, 5S, EV 70.6 MPH)
Batting: SHB Trevor Weareorwear 0-0: Called Strike
0-1: Ball
1-1: Swinging Strike
1-2: Foul Ball, location: 2F
1-2: Strikes out swinging
Batting: RHB Bubba Tierney 0-0: Ball
1-0: Called Strike
1-1: Ball
2-1: Called Strike
2-2: Foul Ball, location: 2F
2-2: Strikes out swinging
Bottom of the 8th over - 0 runs, 0 hits, 0 errors, 0 left on base; Sacramento 2 - Indianapolis 3
TOP OF THE 9TH
Sacramento River Cats batting - Pitching for Indianapolis Indians : RHP Walt Quinn
Pitching: RHP Robby Poyfair
Batting: LHB Tom Best 0-0: Foul Ball, location: 2F
0-1: Fly out, F6 (Popup, 6M, EV 65.6 MPH)
Batting: LHB David Ramirez 0-0: Ball
1-0: Fly out, F7 (Line Drive, 7, EV 95.0 MPH)
Batting: LHB Terry Ebersole 0-0: Foul Ball, location: 2F
0-1: Ball
1-1: Ball
2-1: Ground out 4-3 (Groundball, 4D, EV 81.9 MPH)
Top of the 9th over - 0 runs, 0 hits, 0 errors, 0 left on base; Sacramento 2 - Indianapolis 3
Wednesday, June 22nd , 2022 - OOTP Baseball 23.4 Build 64